 Dungeon Crawl Stone Soup version 0.30.1-4-g462c640d31 (webtiles) character file.

Game seed: 15993080562997873025

103002 spardeous the Thaumaturge (level 15, -3/110 (114) HPs)
             Began as a Demigod Conjurer on Aug 14, 2023.
             Slain by an orc knight
             ... wielding a +2 halberd of venom
              (24 damage)
             ... on level 2 of the Orcish Mines.
             The game lasted 01:16:19 (36800 turns).

spardeous the Thaumaturge (Demigod Conjurer)       Turns: 36800, Time: 01:16:20

HP:   -3/110 (114)  AC: 28    Str: 20    XL:     15   Next: 41%
MP:   6/35          EV: 10    Int: 33    God:
Gold: 1909          SH: 13    Dex: 15    Spells: 3/36 levels left

rFire   + . .        H - +4 broad axe (heavy)
rCold   + . .        W - +2 kite shield {rC+}
rNeg    . . .        U - +7 chain mail of Bursted Happiness {rF+ rCorr Int-4 Dex+4}
rPois   .            p - +0 helmet
rElec   .            j - +0 cloak
rCorr   +            f - +0 pair of gloves
SInv    .            D - +2 pair of boots
Will    +....        l - amulet of regeneration Stlth
                     A - +6 ring of intelligence
HPRegen 1.18/turn    C - +4 ring of protection
MPRegen 0.24/turn

%: no passive effects
@: lethally poisoned (-3 -> -18), stuck, very slightly contaminated, studying
Ice Magic, lightly drained
A: high MP 1, forlorn, divine attributes, sense surroundings 1, strong 1
a: no special abilities


You were on level 2 of the Orcish Mines.
You visited 3 branches of the dungeon, and saw 22 of its levels.
You also visited: Bailey and Ice Cave.

You collected 1961 gold pieces.
You spent 52 gold pieces at shops.

Inventory:

Hand Weapons
 o - the +6 long sword of Emuwnuci {protect, rElec rF- Str+6 Dex+2}
   (You found it on level 13 of the Dungeon)

   Str:       It affects your strength (+6).
   Dex:       It affects your dexterity (+2).
   rF:        It makes you vulnerable to fire.
   rElec:     It insulates you from electricity.
 H - a +4 heavy broad axe (weapon)
 Q - a +4 war axe
 Y - a +6 hand axe of electrocution
Armour
 f - a +0 pair of gloves (worn)
 j - a +0 cloak (worn)
 p - a +0 helmet (worn)
 D - a +2 pair of boots (worn)
 T - the +3 scale mail of Idubat {Int+3}
   (You found it on level 1 of the Lair of Beasts)

   Int:       It affects your intelligence (+3).
 U - the +7 chain mail of Bursted Happiness (worn) {rF+ rCorr Int-4 Dex+4}
   (You found it on level 12 of the Dungeon)

   Int:       It affects your intelligence (-4).
   Dex:       It affects your dexterity (+4).
   rF:        It protects you from fire.
   rCorr:     It protects you from acid and corrosion.
 W - a +2 kite shield of cold resistance (worn)
Jewellery
 l - an amulet of regeneration (around neck)
 q - a +4 ring of slaying
 A - a +6 ring of intelligence (left hand)
 B - a ring of willpower
 C - a +4 ring of protection (right hand)
 E - a ring of wizardry
 L - a ring of see invisible
 X - the amulet "Dicsi Totser" {Spirit rF+}
   (You found it in an ice cave)

   [amulet of guardian spirit]

   It causes incoming damage to be divided between your reserves of health and
   magic.
   rF:        It protects you from fire.
Wands
 s - a wand of acid (17)
 u - a wand of roots (4)
 y - a wand of digging (4)
 G - a wand of flame (48)
Scrolls
 a - 2 scrolls of identify
 c - a scroll of summoning
 i - 2 scrolls of magic mapping
 n - 6 scrolls of fear
 r - 3 scrolls of enchant weapon
 t - 13 scrolls of teleportation
 w - 3 scrolls of amnesia
 z - a scroll of silence
 F - 2 scrolls of poison
 K - 3 scrolls of fog
 O - 2 scrolls of blinking
 P - a scroll of vulnerability
 V - 4 scrolls of immolation
Potions
 b - 3 potions of magic
 d - a potion of flight
 e - 9 potions of heal wounds
 g - 3 potions of berserk rage
 h - a potion of resistance
 k - 3 potions of lignification
 m - 11 potions of curing
 v - a potion of mutation
 x - 2 potions of ambrosia
 I - 2 potions of haste
 J - 3 potions of invisibility
 M - 2 potions of attraction
 N - a potion of brilliance
 S - 3 potions of cancellation
Miscellaneous
 R - a box of beasts
 Z - a phial of floods


   Skills:
 - Level 5.6 Fighting
 + Level 9.6 Axes
 - Level 6.0 Armour
 - Level 7.8 Dodging
 - Level 1.7 Stealth
 - Level 10.0 Shields
 - Level 11.0 Spellcasting
 - Level 10.0 Conjurations
 - Level 10.0 Translocations
 - Level 5.4 Transmutations
 - Level 2.5 Earth Magic


You had 3 spell levels left.
You knew the following spells:

 Your Spells              Type           Power      Damage    Failure   Level
a - Magic Dart            Conj           100%       1d8       1%          1
b - Searing Ray           Conj           100%       2d8       1%          2
c - Iskenderun's Mystic   Conj/Tloc      71%        2d14      5%          4
d - Storm Form            Tmut/Air       18%        N/A       100%        7
e - Fulminant Prism       Conj/Hex       25%        3d14      38%         4
f - Petrify               Tmut/Erth      44%        N/A       54%         4
g - Irradiate             Conj/Tmut      31%        3d22      36%         5
h - Static Discharge      Conj/Air       100%       2-7/arc   6%          2
x - Manifold Assault      Tloc           71%        N/A       5%          4

Your spell library contained the following spells:

 Spells                   Type           Power      Damage    Failure   Level
 Apportation              Tloc           100%       N/A       1%          1
 Blink                    Tloc           100%       N/A       1%          2
 Lesser Beckoning         Tloc           100%       N/A       1%          2
 Momentum Strike          Conj/Tloc      100%       3d10      1%          2
 Gell's Gravitas          Tloc           71%        N/A       1%          3
 Teleport Other           Tloc           71%        N/A       1%          3
 Sting                    Tmut/Pois      100%       1d8       11%         1
 Dazzling Flash           Conj/Hex       100%       N/A       13%         3
 Hailstorm                Conj/Ice       51%        3d11      13%         3
 Volatile Blastmotes      Fire/Tloc      100%       2d18      13%         3
 Mephitic Cloud           Conj/Pois/Air  40%        N/A       26%         3
 Freeze                   Ice            72%        1d8       32%         1
 Necrotise                Necr           72%        1d7       32%         1
 Summon Small Mammal      Summ           72%        N/A       32%         1
 Ignite Poison            Fire/Tmut/Pois 30%        N/A       43%         3
 Call Imp                 Summ           36%        N/A       45%         2
 Poisonous Vapours        Pois/Air       36%        N/A       45%         2
 Sublimation of Blood     Necr           18%        N/A       45%         2
 Frozen Ramparts          Ice            36%        1d6       69%         3
 Inner Flame              Hex/Fire       18%        N/A       69%         3
 Flame Wave               Conj/Fire      51%        2d13      38%         4
 Sticky Flame             Conj/Fire      51%        2d7       38%         4
 Dispersal                Tloc           35%        N/A       63%         6
 Airstrike                Air            9%         2d(2-18)  97%         4
 Olgreb's Toxic Radiance  Pois           18%        N/A       97%         4
 Summon Lightning Spire   Summ/Air       18%        N/A       97%         4
 Lee's Rapid Deconstruct  Erth           17%        3d10*     97%         5
 Ignition                 Fire           9%         3d5       100%        8


Dungeon Overview and Level Annotations

Branches:
Dungeon (15/15)            Temple (0/1) D:4            Lair (5/5) D:8
  Swamp (0/4) Lair:2       Spider (0/4) Lair:3        Slime (0/5) Lair:5
    Orc (2/2) D:10         Vaults (0/5) D:13         Depths (0/4) D:15
 Bailey (visited)           IceCv (visited)
    Elf: Orc:2

Shops:
D:4 *   D:9 [   D:11 ?

Annotations:
D:8 exclusion: oklob plant, jsudlow's ghost, novice TrBe
Lair:5 2 runed translucent doors
Orc:2 Saint Roka


Innate Abilities, Weirdness & Mutations

You have an increased reservoir of magic. (+10% MP)
You shall have no god before yourself.
Your divine heritage dramatically boosts your attributes as you level up.
You passively map a small area around you.
Your muscles are strong. (Str +4, Int/Dex -1)


Message History

Casting: Manifold Assault (dangerous; 5% risk of failure)
Confirm with . or Enter, or press ? or * to list all spells.
Space momentarily warps into an impossible shape!
You slice the orc sorcerer!!
You kill the orc sorcerer!
The chaos spawn degenerates into a cloud of primal chaos!
You slice Saint Roka!! You closely miss the orc knight.
You feel very sick.
The orc knight hits you but does no damage.
You are more poisoned.
Saint Roka invokes the aid of Beogh against you.
Beogh smites you!
* * * LOW HITPOINT WARNING * * *
You take 10 damage, and have 44/110 hp.
You now have 13/35 mp.
You cannot move.
Casting: Manifold Assault (dangerous; 5% risk of failure)
Confirm with . or Enter, or press ? or * to list all spells.
You miscast Manifold Assault.
Strange energies run through your body.
You are magically locked in place.
You feel sick.
The orc knight hits you but does no damage.
You are more poisoned.
Saint Roka shoots a bolt.
The bolt hits you!
* * * LOW HITPOINT WARNING * * *
You take 11 damage, and have 33/110 hp.
You now have 9/35 mp.
Casting: Manifold Assault (dangerous; 5% risk of failure)
Confirm with . or Enter, or press ? or * to list all spells.
You miscast Iskenderun's Mystic Blast.
Nothing appears to happen.
You feel very sick.
The orc knight hits you from afar with a +2 halberd of venom!!
* * * LOW HITPOINT WARNING * * *
You are lethally poisoned!
Saint Roka invokes the aid of Beogh against you.
Beogh smites you!
* * * LOW HITPOINT WARNING * * *
You take 31 damage, and have 2/110 hp.
MASSIVE DAMAGE!!
You now have 5/35 mp.
You feel much better.
* * * LOW HITPOINT WARNING * * *
You feel extremely sick.
The orc knight hits you from afar with a +2 halberd of venom!!
You die...

, , , .......
.....#.
,,.......#.......
,...............
* #..........)...
,............. .
,
.......o.[.#...,,
,,
......[))[[..#.
.......@.[....#
......)).[.....
..[o.)[[.......
#$.....[..#....*
, .$......... ...
,............ ..
............. . ,
, ..............
, ,


You could see Saint Roka (strong) and an orc knight (strong).

Vanquished Creatures
  Rupert (D:13)
  2 orc warlords
  4 hydras
  3 catoblepae
  7 centaur warriors
  2 boulder beetles
  Erica (Lair:1)
  4 two-headed ogres
  5 death yaks (Lair:4)
  Urug (Lair:2)
  2 tengu warriors
  Nergalle (Lair:1)
  2 soul eaters
  A deep elf knight (D:13)
  A sixfirhy (D:11)
  2 skysharks
  5 orc knights
  An oklob plant (Lair:3)
  6 ugly things
  2 bog bodies (IceCv)
  A lindwurm (Lair:5)
  2 orc sorcerers (Orc:2)
  7 cyclopes
  2 manticores
  2 molten gargoyles (Lair:5)
  4 black mambas (Lair:5)
  3 rust devils (D:11)
  Joseph (D:7)
  10 cane toads
  Maggie (D:7)
  A torpor snail (Lair:4)
  8 komodo dragons
  A kobold demonologist (D:9)
  An ice statue (IceCv)
  An efreet (D:12)
  A yaktaur (D:12)
  2 tengu conjurers
  A freezing wraith (IceCv)
  3 unseen horrors
  A rime drake (Lair:1)
  A red devil (D:11)
  2 anaconda simulacra (IceCv)
  3 hornets
  5 trolls
  7 blink frogs
  4 dream sheep (Lair:5)
  Sigmund (D:2)
  5 slime creatures (D:13)
  A jumping spider (Lair:3)
  A ynoxinul (D:11)
  A vampire (D:13)
  5 water elementals
  6 wyverns
  3 shadows (D:12)
  5 basilisks
  A wraith (D:12)
  46 yaks
  2 steam dragons
  2 fire elementals (D:13)
  3 death yak simulacra (IceCv)
  16 vampire mosquitoes
  16 humans
  6 wargs
  An acid dragon (D:12)
  7 water moccasins
  A hydra simulacrum (IceCv)
  4 hell hounds (Lair:5)
  A black bear (shapeshifter) (D:14)
  A sky beast (D:5)
  4 black bears
  24 orc warriors
  6 ogres
  3 boggarts (D:14)
  15 wolves
  14 centaurs
  A phantom (D:4)
  A kobold brigand (D:10)
  11 bullfrogs
  5 two-headed ogre simulacra (IceCv)
  A gnoll sergeant (D:8)
  4 scorpions
  13 wights
  A killer bee (D:8)
  An elephant simulacrum (IceCv)
  4 electric eels
  11 howler monkeys
  8 lava snakes
  2 quasits (D:11)
  9 orc priests
  A gnoll bouda (D:7)
  5 hounds
  7 jellies
  Terence (D:2)
  5 iguanas
  19 orc wizards
  2 sleepcaps
  Natasha (thrice) (D:4)
  6 hell rats (Lair:1)
  6 spriggan simulacra (IceCv)
  6 troll simulacra (IceCv)
  2 polar bear simulacra (IceCv)
  A wolf simulacrum (IceCv)
  5 adders
  13 gnolls
  11 naga simulacra (IceCv)
  19 white imps
  7 ufetubi
  A worm (D:3)
  3 dart slugs
  58 orcs
  7 ball pythons
  3 bats
  13 endoplasms
  3 giant cockroaches
  20 goblins
  14 hobgoblins
  8 jackals
  3 quokkas
  5 frilled lizards
  8 kobolds
  5 rats (D:1)
  A fulminant prism (D:13)
672 creatures vanquished.

Vanquished Creatures (collateral kills)
  A basilisk (Lair:5)
  A steam dragon (Lair:5)
  A hell hound (Lair:5)
3 creatures vanquished.

Vanquished Creatures (others)
  A troll (D:14)
  A vampire (D:11)
  A boggart (D:13)
  An orc wizard (Orc:1)
  29 fulminant prisms
33 creatures vanquished.

Grand Total: 708 creatures vanquished

Notes
Turn   | Place    | Note
-------+----------+-------------------------------------------
     0 | D:1      | spardeous the Demigod Conjurer began the quest for the Orb.
     0 | D:1      | Reached XP level 1. HP: 14/14 MP: 5/5
    94 | D:1      | Reached skill level 2 in Spellcasting
   284 | D:1      | Reached XP level 2. HP: 20/20 MP: 4/7
   365 | D:1      | Learned a level 2 spell: Searing Ray
  1528 | D:2      | Reached XP level 3. HP: 26/26 MP: 5/9
  1642 | D:2      | Noticed Sigmund
  1656 | D:2      | Killed Sigmund
  1657 | D:2      | Reached skill level 3 in Spellcasting
  1657 | D:2      | Reached skill level 5 in Conjurations
  1657 | D:2      | Reached XP level 4. HP: 21/33 MP: 2/12
  1657 | D:2      | Reached XP level 5. HP: 24/38 MP: 2/13
  1760 | D:2      | Learned a level 4 spell: Iskenderun's Mystic Blast
  1777 | D:2      | Noticed Terence
  1795 | D:2      | Killed Terence
  2762 | D:3      | Reached skill level 4 in Spellcasting
  3284 | D:4      | Reached XP level 6. HP: 45/45 MP: 10/15
  3450 | D:4      | Noticed Natasha
  3454 | D:4      | Killed Natasha
  3568 | D:4      | Noticed Natasha
  3580 | D:4      | Killed Natasha
  3597 | D:4      | Noticed Natasha
  3606 | D:4      | Killed Natasha
  3917 | D:4      | Found a staircase to the Ecumenical Temple.
  4052 | D:4      | Found Ejafemyw's Overcharged Wands.
  4069 | D:4      | Reached XP level 7. HP: 47/50 MP: 9/17
  4366 | D:5      | Entered Level 5 of the Dungeon
  4371 | D:5      | Reached skill level 5 in Spellcasting
  5149 | D:5      | Noticed a hornet
  5161 | D:5      | Killed a hornet
  5162 | D:5      | Reached skill level 6 in Spellcasting
  5308 | D:5      | Reached XP level 8. HP: 57/57 MP: 10/20
  6825 | D:6      | Reached skill level 7 in Spellcasting
  7136 | D:7      | Reached skill level 1 in Translocations
  7153 | D:7      | Noticed Joseph
  7395 | D:7      | Noticed Maggie
  7397 | D:7      | Killed Joseph
  7572 | D:7      | Killed Maggie
  7573 | D:7      | Reached XP level 9. HP: 62/62 MP: 3/23
  7687 | D:7      | Reached skill level 5 in Translocations
  8284 | D:7      | Learned a level 4 spell: Manifold Assault
  8292 | D:7      | Learned a level 7 spell: Storm Form
  8297 | D:7      | Learned a level 4 spell: Fulminant Prism
  8358 | D:7      | Killed an unseen horror
  9024 | D:8      | Found a transporter.
  9024 | D:8      | Found a transporter.
  9193 | D:8      | Noticed an oklob plant
  9485 | D:8      | Found a staircase to the Lair.
  9547 | D:8      | Noticed a two-headed ogre
  9553 | D:8      | Noticed a two-headed ogre
  9641 | D:8      | Reached XP level 10. HP: 52/69 MP: 19/24
  9725 | D:8      | Identified the +0 long sword of Indomitability {flame,
                  | Fragile rPois rN++ Str+2 Stlth+}
  9845 | D:8      | Noticed jsudlow's ghost (novice TrBe)
 10452 | D:9      | Noticed a two-headed ogre
 10471 | D:9      | Killed a two-headed ogre
 10472 | D:9      | Reached skill level 8 in Spellcasting
 10608 | D:9      | Found Urphetakhup's Armour Shoppe.
 11130 | D:9      | Learned a level 4 spell: Petrify
 11155 | D:10     | Entered Level 10 of the Dungeon
 11257 | D:10     | Reached skill level 9 in Spellcasting
 11289 | D:10     | Found a flagged portal.
 11423 | Bailey   | Entered a bailey
 11899 | Bailey   | Noticed an orc knight
 11932 | Bailey   | Killed an orc knight
 12253 | Bailey   | Reached skill level 10 in Spellcasting
 12427 | Bailey   | Noticed an orc warlord
 12464 | Bailey   | Noticed an orc knight
 12668 | Bailey   | Killed an orc knight
 12968 | Bailey   | Killed an orc warlord
 12969 | Bailey   | Reached XP level 11. HP: 56/74 MP: 7/29
 13413 | D:10     | Found a staircase to the Orcish Mines.
 13497 | D:10     | Reached skill level 10 in Conjurations
 13771 | D:10     | Reached skill level 1 in Earth Magic
 13841 | D:10     | Reached skill level 1 in Fighting
 14631 | D:11     | Noticed a sixfirhy
 14639 | D:11     | Killed a sixfirhy
 14766 | D:11     | Noticed a soul eater
 15315 | D:11     | Reached skill level 5 in Fighting
 15623 | D:11     | Noticed a boulder beetle
 15783 | Lair:1   | Entered Level 1 of the Lair of Beasts
 15783 | Lair:1   | Noticed Nergalle
 15789 | Lair:1   | Killed Nergalle
 16032 | Lair:1   | Reached skill level 10 in Translocations
 16495 | Lair:1   | Reached XP level 12. HP: 66/94 MP: 12/30
 16677 | Lair:1   | Noticed Erica
 16877 | Lair:1   | Killed Erica
 16878 | Lair:1   | Reached skill level 5 in Dodging
 17307 | Lair:1   | Identified the +3 scale mail of Idubat {Int+3}
 17662 | Lair:2   | Noticed Urug
 17681 | Lair:2   | Reached skill level 1 in Armour
 17684 | Lair:2   | Killed Urug
 17736 | Lair:2   | Found a staircase to the Swamp.
 17977 | Lair:2   | Found a frozen archway.
 18002 | IceCv    | Entered an ice cave
 18147 | IceCv    | Reached skill level 5 in Armour
 19509 | IceCv    | Learned a level 5 spell: Irradiate
 19612 | IceCv    | Identified the amulet "Dicsi Totser" {Spirit rF+}
 19979 | Lair:2   | You fall into a shaft and drop 2 floors!
 20184 | Lair:4   | Reached skill level 1 in Shields
 20727 | Lair:4   | Reached skill level 5 in Shields
 20973 | Lair:4   | Noticed a catoblepas
 21141 | Lair:4   | Killed a catoblepas
 21938 | Lair:3   | Reached XP level 13. HP: 59/101 MP: 0/31
 22349 | Lair:3   | Found a hole to the Spider Nest.
 23543 | D:8      | Reached XP level 14. HP: 107/107 MP: 32/32
 23967 | Lair:5   | Entered Level 5 of the Lair of Beasts
 23981 | Lair:5   | Found a staircase to the Slime Pits.
 24830 | Lair:5   | Reached skill level 10 in Shields
 24839 | Lair:5   | Reached skill level 1 in Transmutations
 25962 | Lair:5   | Found a large runed translucent door.
 25963 | Lair:5   | Found a large runed translucent door.
 26572 | Lair:5   | Reached skill level 5 in Transmutations
 27080 | Orc:1    | Entered Level 1 of the Orcish Mines
 27538 | Orc:2    | Entered Level 2 of the Orcish Mines
 27538 | Orc:2    | Noticed an orc warlord
 27540 | Orc:2    | Noticed Saint Roka
 27545 | Orc:2    | Reached skill level 1 in Axes
 28005 | Orc:2    | Paralysed by an orc sorcerer for 2 turns
 28442 | Orc:1    | Learned a level 2 spell: Static Discharge
 30107 | D:11     | Found Tiwutubb's Magic Scroll Shoppe.
 30246 | D:11     | Bought a scroll of identify for 26 gold pieces
 30246 | D:11     | Bought a scroll of identify for 26 gold pieces
 30757 | D:10     | Reached skill level 5 in Axes
 31623 | D:12     | Identified the +7 chain mail of Bursted Happiness {rF+
                  | rCorr Int-4 Dex+4}
 32005 | D:12     | Identified the +2 battleaxe of the Dwarven Hall {flame,
                  | Fragile rC+ Will+ Dex+5}
 32586 | D:13     | Identified the +0 plate armour "Loget" {*Corrode +Inv
                  | rElec}
 32586 | D:13     | Noticed Rupert
 32620 | D:13     | Killed Rupert
 32621 | D:13     | Reached XP level 15. HP: 114/114 MP: 4/34
 33230 | D:13     | Identified the +6 long sword of Emuwnuci {protect, rElec
                  | rF- Str+6 Dex+2}
 33304 | D:13     | Found a gate to the Vaults.
 33500 | D:13     | Reached skill level 11 in Spellcasting
 35360 | D:13     | Gained mutation: You occasionally lose the ability to drink
                  | potions when taking damage. [potion of mutation]
 35360 | D:13     | Gained mutation: Your muscles are strong. (Str +4, Int/Dex
                  | -1) [potion of mutation]
 35360 | D:13     | Gained mutation: You are resistant to electric shocks.
                  | (rElec) [potion of mutation]
 35361 | D:13     | Lost mutation: You occasionally lose the ability to drink
                  | potions when taking damage. [potion of mutation]
 35361 | D:13     | Lost mutation: You are resistant to electric shocks.
                  | (rElec) [potion of mutation]
 35361 | D:13     | Gained mutation: You passively map a small area around you.
                  | [potion of mutation]
 35861 | D:14     | You fall into a shaft and drop 1 floor!
 35861 | D:15     | Entered Level 15 of the Dungeon
 36799 | Orc:2    | HP: 2/110 [Saint Roka/divine providence (9)]
 36800 | Orc:2    | Slain by an orc knight

Illustrated notes

Levels and vault maps discovered:
D:1:      ncdulo_wetmaze, layout_basic, ebering_ecumenical_altar_mist,
          minmay_misc_feat_tiny
D:2:      layout_loops_ring, grunt_ministairs_5, guppyfry_early_lair_pool,
          uniq_terence, uniq_sigmund
D:3:      layout_basic, mainiacjoe_overflow_small_starburst, minmay_liquid_box
D:4:      layout_loops_ring, minmay_temple_entry_wispy, nrook_campfire,
          chequers_mini_garden, nicolae_shop_overcharged_wands, uniq_natasha
D:5:      layout_basic
D:6:      layout_loops_corners
D:7:      layout_basic, pf_just_have_faith, grunt_ogre_cave, serial_park_tiny_1,
          chequers_serial_rivers_large_a, uniq_joseph, uniq_maggie
D:8:      layout_rooms, lair_entry_dummy, nzn_ghost_randoct
D:9:      layout_basic, serial_shops, shop
D:10:     layout_roguey, erik_orc_3, enter_bailey_2,
          chequers_serial_rivers_micro_d
D:11:     layout_rooms, serial_demonic, serial_demonic_f, serial_demonic_g,
          serial_demonic_b, serial_demonic_f, serial_demonic_b,
          serial_demonic_c, serial_demonic_e, serial_shops, shop,
          nicolae_underground_beach
D:12:     minmay_cut_squares, layout_cave_pools
D:13:     layout_basic, david_vaults_3, dreamdust_mushroom_princess
D:14:     layout_rooms, lightli_minifort
D:15:     grunt_enter_depths_giant_problem, layout_basic,
          nicolae_ashenzari_panopticon, dk_noncrumbling_4
Lair:1:   layout_cellular_growth, infiniplex_staircase_pool, grunt_megastairs_4,
          serial_bayou_shore_a, uniq_erica, uniq_nergalle
Lair:2:   layout_gridlike, minmay_swamp_entry_eels, portal_ice_cave_entry_imps,
          uniq_urug
Lair:3:   layout_chaotic_city, spider_nest_entry_rubble, basic_altar,
          minmay_lair_oklob_items
Lair:4:   layout_small_grid, serial_bayou_lagoon_a
Lair:5:   cheibrodos_lair_end_hotspot, layout_cellular_growth,
          nicolae_slime_entry_slimehenge, hangedman_lair_unloving_vines,
          serial_bayou_pond_a
Orc:1:    layout_caves, basic_altar
Orc:2:    pf_orc_diabolical, layout_caves, serial_shops, shop,
          nicolae_orc_lost_temple, uniq_saint_roka

Skill      XL: |  1  2  3  4  5  6  7  8  9 10 11 12 13 14 15 |
---------------+----------------------------------------------+-----
Spellcasting   | 2 3 4 6 7 10 11 | 11.0
Conjurations   | 4 5 6 7 8 9 10 | 10.0
Translocations | 4 8 9 10 | 10.0
Earth Magic    | 2 |  2.5
Fighting       | 5 |  5.6
Dodging        | 4 6 7 |  7.8
Armour         | 6 |  6.0
Shields        | 5 8 10 | 10.0
Transmutations | 5 |  5.4
Axes           | 6 9 |  9.6
Stealth        | |  1.7

Action                     |  1- 3 |  4- 6 |  7- 9 | 10-12 | 13-15 || total
---------------------------+-------+-------+-------+-------+-------++-------
  Melee: Unarmed           |    23 |       |       |       |       ||    23
         Staff             |       |     2 |       |       |       ||     2
         Broad axe         |       |       |    18 |       |   260 ||   278
         Punch             |       |       |     1 |     4 |       ||     5
         Long sword        |       |       |       |   199 |   248 ||   447
   Cast: Magic Dart        |    56 |    92 |   101 |    38 |       ||   287
         Searing Ray       |     2 |    12 |    41 |    43 |    13 ||   111
         Iskenderun's Myst |       |       |    19 |   314 |   358 ||   691
         Fulminant Prism   |       |       |     4 |    22 |     4 ||    30
         Static Discharge  |       |       |       |       |     1 ||     1
         Manifold Assault  |       |       |       |       |    78 ||    78
  Evoke: Box of beasts     |       |       |       |       |     1 ||     1
         Phial of floods   |       |       |       |       |     1 ||     1
    Use: Potion            |       |       |     1 |     1 |     7 ||     9
         Scroll            |       |       |    11 |     5 |    13 ||    29
   Stab: Distracted        |       |       |       |     1 |       ||     1
 Armour: Robe              |     8 |       |       |       |       ||     8
         Ring mail         |     1 |     5 |    19 |       |       ||    25
         Steam dragon scal |       |       |    24 |    78 |       ||   102
         Scale mail        |       |       |       |    84 |   177 ||   261
         Chain mail        |       |       |       |       |   177 ||   177
  Dodge: Dodged            |    22 |    12 |    83 |   412 |   345 ||   874
  Block: Kite shield       |       |       |       |    29 |   591 ||   620
